Cogmind - Beta 12 @@@ ROGUE MODE // 2023.11.11 @ 14:43:26 Player: Blaj Result: Destroyed by G-67 Veteran with Plasma Rifle Performance ------------- Evolutions (5) 2500 Regions Visited (20) 4000 Robots Destroyed (234) 1170 Value Destroyed (8199) 8199 Prototype IDs (31) 620 Alien Tech Used (1) 200 Bonus (3416) 3416 TOTAL SCORE: 20105 Bonus ------- High Alert Combat Kills 324 Follower Combat Kills 2561 Network Hubs Disabled 200 Met Data Miner 300 A7 Reached Mainframe 300 Met R17 at Cetus 500 Friendly Fire -769 Cogmind --------- Core Integrity 0/1000 Matter 290/300 Energy 96/100 System Corruption 8% Temperature Cool (12) Movement Core (50) Location -5/Upper Caves Parts ------- > --- POWER (2) -------- (None) > --- PROPULSION (5) --- Armored Treads > --- UTILITY (8) ------ Machine Analyzer Improved Hacking Suite Improved Hacking Suite > --- WEAPON (2) ------- (None) > --- INVENTORY (5) ---- Neutrino Core Centrium Medium Armor Plating Centrium Medium Armor Plating Light Regenerative Plating Phasing Sabre Peak State ------------ > --- POWER ------------ Enhanced Nuclear Core Quantum Reactor > --- PROPULSION ------- Improved Titanium Leg Flexi-carbon Leg Flexi-carbon Leg Flexi-carbon Leg Flexi-carbon Leg > --- UTILITY ---------- High-capacity Storage Unit Microactuators Centrium Medium Armor Plating Centrium Medium Armor Plating Light Regenerative Plating Improved Hacking Suite Improved Hacking Suite > --- WEAPON ----------- Advanced Variable Charge Gun Phasing Sabre > --- INVENTORY -------- Improved Titanium Leg Flexi-carbon Leg Flexi-carbon Leg Structural Scanner Improved Sensor Array Seismic Detector Transmission Jammer ECM Suite Centrium Medium Armor Plating Centrium Medium Armor Plating Centrium Medium Armor Plating Centrium Medium Armor Plating Centrium Medium Armor Plating Force Field Improved Hacking Suite Shock Bomb Launcher Precision Rocket Launcher Remote Datajack Phasing Sabre [Rating: 100] Favorites ----------- Power Nuclear Core Engine Ion Engine Power Core Nuclear Core Reactor Quantum Reactor Propulsion Carbon-fiber Leg Treads Medium Treads Leg Carbon-fiber Leg Utility High-capacity Storage Unit Device Seismic Detector Storage High-capacity Storage Unit Processor Improved Melee Analysis Suite Hackware Hacking Suite Protection Hardened Medium Armor Plating Weapon Maul Energy Gun Advanced Variable Charge Gun Energy Cannon Cooled Particle Cannon Ballistic Gun Assault Rifle Ballistic Cannon Light Cannon Launcher Heavy Rocket Launcher Special Weapon Mining Laser Impact Weapon Maul Slashing Weapon Mining Claw Piercing Weapon Spear Special Melee Weapon Datajack Build | -11 -10 -9 -9 -9 -8 -8 -8 -7 -7 -7 -7 -6 -6 -6 -6 -6 -6 -5 -5 -5 ------- Run | Jun Mat Mat Min Exi Min Mat Sto Fac Low Low Dat Pro Fac Ext Cet Arc Hub Fac Upp Upp Slots Evolved 10 | . . 2 . . . 2 . 2 . . . . 2 . . . . 2 . . Power 1 | . . . . . . . . . . . . . . . . . . 1 . . Propulsion 3 | . . 1 . . . 1 . 1 . . . . . . . . . . . . Utility 6 | . . 1 . . . 1 . 1 . . . . 2 . . . . 1 . . Weapon . | . . . . . . . . . . . . . . . . . . . . . Parts Attached 406 | . 14 40 . 1 17 71 25 66 4 20 . . 31 25 10 8 36 24 7 7 Power 21 | . . 2 . . 1 2 2 1 . 2 . . 2 3 1 . 2 2 . 1 Engine 6 | . . 1 . . . . 2 . . 1 . . 2 . . . . . . . Core 13 | . . 1 . . 1 2 . 1 . 1 . . . 3 . . 1 2 . 1 Reactor 2 | . . . . . . . . . . . . . . . 1 . 1 . . . Propulsion 76 | . 1 7 . . . 13 8 10 . 6 . . 6 11 2 2 4 3 2 1 Treads 3 | . . . . . . . . . . . . . . . . . . . 2 1 Leg 73 | . 1 7 . . . 13 8 10 . 6 . . 6 11 2 2 4 3 . . Wheel . | . . . . . . . . . . . . . . . . . . . . . Hover . | . . . . . . . . . . . . . . . . . . . . . Flight . | . . . . . . . . . . . . . . . . . . . . . Utility 213 | . 2 22 . . 9 37 13 41 1 7 . . 22 8 5 6 21 13 3 3 Device 131 | . 1 9 . . 3 27 9 29 1 2 . . 15 4 2 3 17 6 3 . Storage 4 | . 1 2 . . . . . . . 1 . . . . . . . . . . Processor 3 | . . . . . . . . . . 1 . . 1 . . . . 1 . . Hackware 9 | . . . . . . . 1 3 . 1 . . . 1 . 2 . 1 . . Protection 66 | . . 11 . . 6 10 3 9 . 2 . . 6 3 3 1 4 5 . 3 Artifact . | . . . . . . . . . . . . . . . . . . . . . Weapon 96 | . 11 9 . 1 7 19 2 14 3 5 . . 1 3 2 . 9 6 2 2 Energy Gun 7 | . 3 . . . . . . . . . . . . . 1 . 3 . . . Energy Cannon 1 | . . . . . . . . 1 . . . . . . . . . . . . Ballistic Gun 1 | . 1 . . . . . . . . . . . . . . . . . . . Ballistic Cannon 3 | . 3 . . . . . . . . . . . . . . . . . . . Launcher 11 | . . . . . 3 1 . 1 1 2 . . . . . . 2 1 . . Special Weapon 13 | . 3 4 . . . 3 1 1 . . . . . . . . . 1 . . Impact Weapon 20 | . . 4 . . 4 7 1 3 . . . . . . . . 1 . . . Slashing Weapon 28 | . 1 . . . . 6 . 3 . 2 . . 1 3 1 . 3 4 2 2 Piercing Weapon 6 | . . . . . . . . 3 2 1 . . . . . . . . . . Special Melee Weapon 6 | . . 1 . 1 . 2 . 2 . . . . . . . . . . . . Unidentified Prototypes 9 | . . . . . . 1 1 1 . . . . 1 . 2 . 2 1 . . Parts Lost 80 | . 3 5 . . 3 12 2 2 . 14 . 1 11 4 . . 2 17 1 3 Power 9 | . . 1 . . 1 . . . . 2 . . 2 . . . . 3 . . Propulsion 35 | . 1 1 . . . 7 . . . 7 . 1 6 1 . . 1 8 . 2 Utility 27 | . . 2 . . 2 5 2 2 . 3 . . 3 3 . . . 3 1 1 Weapon 9 | . 2 1 . . . . . . . 2 . . . . . . 1 3 . . Highest Loss Streak 13 | . 3 2 . . 2 3 1 1 . 13 . 1 5 2 . . 1 11 1 2 To Critical Strikes 2 | . . . . . . . . . . 1 . . . 1 . . . . . . Average Slot Usage (%) 93 | . 92 96 100 100 99 99 99 99 100 73 76 70 83 94 99 99 99 90 33 29 Engine 3 | . 14 7 . . . . 6 5 . 1 7 7 5 1 . . . . . . Core 4 | . . 3 11 11 11 8 2 1 7 2 . . . 4 4 . 1 6 . . Leg 30 | . 27 32 33 33 33 35 35 37 38 28 23 16 20 28 33 32 33 25 . . Device 9 | . 8 10 11 11 9 8 9 11 7 10 7 7 6 9 6 12 12 8 6 2 Storage 8 | . 14 11 11 11 11 9 9 7 7 3 7 7 6 6 6 6 6 4 . . Processor 1 | . . . . . . . . . . 2 7 7 12 4 . . . 3 5 5 Hackware 4 | . . . . . . . . 3 7 11 15 15 9 11 13 12 13 11 11 11 Protection 11 | . . 11 11 11 12 17 16 14 15 4 . . 8 12 18 13 13 12 . 3 Impact Weapon 4 | . . 6 11 1 10 10 8 1 . . . . . . . . 4 . . . Slashing Weapon 8 | . 2 11 11 11 11 6 9 6 7 3 7 7 10 11 13 13 6 6 . 1 Naked Turns . | . . . . . . . . . . . . . . . . . . . . . Heaviest Build 97 | 13 49 62 60 60 63 69 69 75 69 70 54 54 72 82 87 90 96 97 5 36 Greatest Support 103 | 20 20 36 36 36 36 49 54 78 78 80 55 55 97 93 98 103 100 100 28 12 Greatest Overweight (x) 4 | . 2 4 1 1 1 1 1 1 . 1 . 1 1 1 . 1 . 2 1 2 Average Overweight (x) . | . . 1 1 1 1 1 1 . . . . . . . . . . . . . Largest Inventory Capacity 20 | . 20 20 20 20 20 20 20 20 20 20 20 20 20 20 20 20 20 20 5 5 Average Capacity 18 | . 9 19 20 20 20 20 20 20 20 13 20 20 20 20 20 20 20 18 5 5 Most Carried 20 | . 10 20 20 20 20 20 20 20 20 20 7 8 17 20 20 20 20 20 5 5 Average Carried 15 | . 5 13 19 20 18 16 19 19 20 10 7 7 13 18 19 19 19 15 4 3 Final Capacity 20 | 8 20 20 20 20 20 20 20 20 20 20 20 20 20 20 20 20 20 5 5 5 Final Carried 20 | 6 8 20 20 20 18 20 20 20 20 7 7 8 15 20 20 20 20 5 5 5 Class Distribution -------------------- 60% | Mutant 27% | Scavenger-Mutant 8% | Hacker-Mutant 3% | Commander-Mutant Dominant Class ---------------- Mutant | -10/Materials Mutant | -9/Materials Mutant | -9/Mines Mutant | -9/Exiles Mutant | -8/Mines Mutant | -8/Materials Mutant | -8/Storage Mutant | -7/Factory Mutant | -7/Lower Caves Hacker-Mutant | -7/Lower Caves Hacker-Mutant | -7/Data Miner Hacker-Mutant | -6/Proximity Caves Scavenger-Mutant | -6/Factory Scavenger-Mutant | -6/Extension Commander-Mutant | -6/Cetus Scavenger-Mutant | -6/Archives Scavenger-Mutant | -6/Hub_04(d) Scavenger-Mutant | -5/Factory Hacker-Mutant | -5/Upper Caves Scavenger-Mutant | -5/Upper Caves Resources | -11 -10 -9 -9 -9 -8 -8 -8 -7 -7 -7 -7 -6 -6 -6 -6 -6 -6 -5 -5 -5 ----------- Run | Jun Mat Mat Min Exi Min Mat Sto Fac Low Low Dat Pro Fac Ext Cet Arc Hub Fac Upp Upp Matter Collected 4836 | 200 128 372 121 . 166 698 284 621 159 364 . 25 310 265 178 84 394 104 182 181 Remotely . | . . . . . . . . . . . . . . . . . . . . . Salvage Created 9945 | . 446 670 93 . 169 1929 1443 765 119 493 . . 992 318 . 479 1259 482 153 135 Parts 526 | . 27 51 3 . 15 83 65 47 8 18 . . 53 16 . 22 72 24 10 12 Haulers Intercepted 13 | . 1 . . . . 3 3 2 . . . . 1 . . . 3 . . . Recyclers Shooed 3 | . 1 . . . . . . . . . . . 1 1 . . . . . . Parts Field Recycled . | . . . . . . . . . . . . . . . . . . . . . Retrieved Matter . | . . . . . . . . . . . . . . . . . . . . . Parts Self-Destructed 45 | . . . . . . . . . 8 11 . 17 . . . . . . . 9 Prevented . | . . . . . . . . . . . . . . . . . . . . . Kills | -11 -10 -9 -9 -9 -8 -8 -8 -7 -7 -7 -7 -6 -6 -6 -6 -6 -6 -5 -5 -5 ------- Run | Jun Mat Mat Min Exi Min Mat Sto Fac Low Low Dat Pro Fac Ext Cet Arc Hub Fac Upp Upp Combat Hostiles Destroyed 156 | . 7 13 . . 11 35 20 9 6 10 . . 13 4 . 2 13 11 . 2 Melee 99 | . . 12 . . 2 26 18 9 . . . . 13 4 . 2 9 2 . 2 Guns 3 | . 3 . . . . . . . . . . . . . . . . . . . Cannons 2 | . 2 . . . . . . . . . . . . . . . . . . . AOE 36 | . 1 . . . 9 . . . 6 10 . . . . . . 1 9 . . Classes Destroyed 18 | . 5 2 . . 3 3 1 1 . 2 . . . . . . . . 1 . Worker 6 | . 1 1 1 . . 1 . . . . . . . . . . 2 . . . Builder 12 | . . 1 . . . . 2 . . . . . 3 . . . 6 . . . Tunneler 7 | . . . . . 1 . 1 . . . . . 4 . . . . 1 . . Hauler 13 | . 1 . . . . 3 3 2 . . . . 1 . . . 3 . . . Recycler 11 | . 1 . 1 . . 1 3 3 . . . . 1 1 . . . . . . Mechanic 4 | . . . . . . . . . . 1 . . 1 . . . . 2 . . Operator 15 | . 1 1 . . . . 1 . . . . . 1 1 . 9 1 . . . Watcher 6 | . . . . . . . 1 . . . . . 1 . . . 4 . . . Swarmer 28 | . . . . . 7 . . . 4 2 . . 7 2 . . 3 3 . . Grunt 69 | . 7 6 . . 3 22 12 3 2 4 . . 3 . . . 3 4 . . Brawler 3 | . . . . . 1 . . . . 2 . . . . . . . . . . Duelist 4 | . . . . . . 1 . . . 2 . . . . . . . 1 . . Sentry 30 | . . 7 . . . 8 6 3 . . . . . 2 . 2 2 . . . Specialist 2 | . . . . . . 2 . . . . . . . . . . . . . . Hunter 7 | . . . . . . 2 2 . . . . . . . . . 3 . . . Programmer 13 | . . . . . . . . 3 . . . . 3 . . . 2 3 . 2 Samaritan 3 | . . . . . . . . . . . . . . . . . . . 2 1 Butcher 2 | . . . . . . . . . . 2 . . . . . . . . . . Mutant 2 | . . . . . . . . . . 1 . . . . . . . . 1 . Best Kill Streak 10 | . 2 2 1 . 4 3 3 2 4 6 . . 5 2 . 6 7 10 . 1 Combat Bots Only 9 | . 2 2 . . 4 3 3 2 4 6 . . 4 2 . 2 4 9 . 1 Max Kills in Single Turn 5 | . 1 1 1 . 2 1 1 1 2 4 . . 1 1 . 1 2 5 1 1 Gunslinging . | . . . . . . . . . . . . . . . . . . . . . Exploded 5 | . 1 . . . 2 . . . 2 4 . . . . . . 1 5 . . Melee 1 | . . 1 . . 1 1 1 1 . . . . 1 1 . 1 1 1 . 1 Uniques/NPCs Destroyed . | . . . . . . . . . . . . . . . . . . . . . Combat | -11 -10 -9 -9 -9 -8 -8 -8 -7 -7 -7 -7 -6 -6 -6 -6 -6 -6 -5 -5 -5 -------- Run | Jun Mat Mat Min Exi Min Mat Sto Fac Low Low Dat Pro Fac Ext Cet Arc Hub Fac Upp Upp Damage Taken 17137 | . 516 677 16 . 502 2511 1007 581 119 2525 . 36 2157 527 135 319 1637 3174 104 594 Core 2722 | . 144 61 7 . 64 297 85 95 28 454 . . 341 16 28 22 75 907 41 57 Absorbed by Shields 1323 | . . . . . . 314 323 187 26 . . . 226 133 . 90 24 . . . Regen/Repaired (Parts) 2008 | . . 138 . . . . 622 178 . . . . 161 215 . . 172 506 . 16 Core Remaining (%) 49 | 100 42 . . . 67 . 30 . . . . 17 . . . . 43 . . . Volleys Fired 116 | . 42 22 . . 8 5 4 . 5 7 . . . . 2 . 16 5 . . Largest 2 | . 2 1 . . 1 1 1 . 1 1 . . . . 1 . 1 1 . . Hottest 240 | . 120 100 . . 33 100 100 . 39 39 . . . . 240 . 80 43 . . Shots Fired 141 | . 67 22 . . 8 5 4 . 4 8 . . . . 2 . 16 5 . . Gun 55 | . 43 . . . . . . . . . . . . . 2 . 10 . . . Cannon 13 | . 13 . . . . . . . . . . . . . . . . . . . Launcher 30 | . . . . . 8 . . . 4 8 . . . . . . 6 4 . . Special 43 | . 11 22 . . . 5 4 . . . . . . . . . . 1 . . Kinetic 32 | . 32 . . . . . . . . . . . . . . . . . . . Thermal 54 | . 11 22 . . . 5 4 . . . . . . . 2 . 10 . . . Explosive 24 | . . . . . 8 . . . 4 8 . . . . . . . 4 . . Electromagnetic 30 | . 24 . . . . . . . . . . . . . . . 6 . . . Robot Hit Streak 11 | . 11 . . . 2 . . . 4 6 . . . . . . 8 5 . . Robot Miss Streak 3 | . 3 . . . 2 . . . . 1 . . . . . . 1 . . . Penetration Max . | . . . . . . . . . . . . . . . . . . . . . Secondary Targets . | . . . . . . . . . . . . . . . . . . . . . Shots Hit Robots 499 | . 38 40 2 4 10 96 75 30 2 10 . 1 62 12 7 25 48 20 4 13 Core Hits 263 | . 14 15 2 . 12 28 27 18 9 32 . . 24 8 2 9 28 27 3 5 Critical Kills 8 | . 1 1 . . 1 2 3 . . . . . . . . . . . . . Critical Parts Destroyed 13 | . . . . . 1 7 3 . . . . . . . . . 2 . . . Critical Strikes 47 | . 1 1 . . 2 12 9 2 . . . . 8 . 1 1 7 2 . 1 Destroy 1 | . 1 . . . . . . . . . . . . . . . . . . . Smash 20 | . . 1 . . 2 9 6 . . . . . . . . . 2 . . . Sever 24 | . . . . . . 3 3 . . . . . 8 . 1 1 5 2 . 1 Impale 2 | . . . . . . . . 2 . . . . . . . . . . . . Melee Attacks 751 | . 2 86 2 4 16 156 113 50 1 4 . 2 114 26 13 38 76 25 4 19 Impact 191 | . . 23 . . 13 89 52 3 . . . . . . . . 11 . . . Slashing 525 | . 2 62 2 . 3 66 61 18 1 4 . 2 114 26 13 38 65 25 4 19 Piercing 26 | . . . . . . . . 26 . . . . . . . . . . . . Sneak Attacks 96 | . . 5 2 4 2 9 18 8 . 4 . . 16 4 . 10 7 2 4 1 Combat Hostiles 3 | . . . . . . 2 . . . . . . . 1 . . . . . . Follow-up Attacks 44 | . . 1 . . 2 14 7 2 . . . . 7 1 1 3 6 . . . Damage Inflicted 24735 | . 670 1132 100 . 960 3727 3486 984 599 1582 . 39 2801 679 278 1601 3171 1988 369 569 Guns 366 | . 366 . . . . . . . . . . . . . . . . . . . Cannons 175 | . 175 . . . . . . . . . . . . . . . . . . . Explosions 4760 | . 129 . . . 559 . . . 599 1355 . . . . . . 819 1299 . . Melee 19393 | . . 1132 100 . 401 3727 3486 984 . 227 . 39 2801 659 278 1601 2339 681 369 569 Ramming 41 | . . . . . . . . . . . . . . 20 . . 13 8 . . Kinetic 271 | . 271 . . . . . . . . . . . . . . . . . . . Thermal 164 | . 129 . . . . . . . . . . . . . . . 35 . . . Explosive 3812 | . . . . . 559 . . . 599 1355 . . . . . . . 1299 . . Electromagnetic 1054 | . 270 . . . . . . . . . . . . . . . 784 . . . Impact 5711 | . . 386 . . 357 2473 1930 28 . . . . . . . . 537 . . . Slashing 13049 | . . 746 100 . 44 1254 1556 323 . 227 . 39 2801 659 278 1601 1802 681 369 569 Piercing 633 | . . . . . . . . 633 . . . . . . . . . . . . Highest Corruption 13 | . . . . . . . . 8 8 8 8 8 5 13 13 13 10 8 8 8 Average Corruption 7 | . . . . . . . . 3 8 8 8 8 3 9 13 10 8 5 6 6 Corruption Purged 10 | . . . . . . . . . . . . . . . . 6 . . 4 . Corruption Blocked . | . . . . . . . . . . . . . . . . . . . . . Effects 238 | . . . . . . . . 22 33 23 3 24 7 35 15 16 38 7 6 9 Message Errors 55 | . . . . . . . . 7 2 5 2 5 5 10 1 5 10 . 1 2 Matter Fused 64 | . . . . . . . . 6 10 6 1 5 1 7 6 3 12 3 1 3 Heat Flow Errors 38 | . . . . . . . . 4 7 3 . 4 1 5 2 2 3 4 1 2 Energy Discharges 26 | . . . . . . . . 2 2 4 . 3 . 4 1 3 5 . . 2 Parts Rejected 3 | . . . . . . . . . . 2 . . . 1 . . . . . . Parts Fused 4 | . . . . . . . . 1 2 . . . . 1 . . . . . . Data Loss (minor) 29 | . . . . . . . . 2 5 2 . 6 . 5 3 1 4 . 1 . Data Loss (major) 11 | . . . . . . . . . 3 . . 1 . 1 1 1 2 . 2 . Misfires 1 | . . . . . . . . . . 1 . . . . . . . . . . Alerts 6 | . . . . . . . . . 1 . . . . 1 1 1 2 . . . Weapon Failures 1 | . . . . . . . . . 1 . . . . . . . . . . . Overload Shots 2 | . . . . . . . . . . . . . . . 2 . . . . . Overflow Damage 2907 | . . 51 . . 161 591 330 22 44 30 . . 392 38 . 504 466 157 75 46 Projectiles . | . . . . . . . . . . . . . . . . . . . . . Explosions 236 | . . . . . 61 . . . 44 30 . . . . . . 18 83 . . Melee 2671 | . . 51 . . 100 591 330 22 . . . . 392 38 . 504 448 74 75 46 Knockbacks 17 | . 3 1 . . 1 4 7 . . . . . . . . . 1 . . . Impact 14 | . . 1 . . 1 4 7 . . . . . . . . . 1 . . . Kinetic 3 | . 3 . . . . . . . . . . . . . . . . . . . Secondary . | . . . . . . . . . . . . . . . . . . . . . Self-Inflicted Damage 349 | . 51 . . . 122 . . . . 71 . . . . . . 101 4 . . Shots 11 | . 1 . . . 5 . . . . 2 . . . . . . 3 . . . Rammed 2 | . . . . . . . . . . . . . . . . . . 2 . . Targets Rammed 6 | . . . . . . . . . . . . . 1 2 . . 1 2 . . Kicked 4 | . . . . . . . . . . . . . 1 2 . . 1 . . . Crushed . | . . . . . . . . . . . . . . . . . . . . . Highest Temperature 412 | . 213 128 . . 53 284 64 276 264 147 . 261 82 213 412 248 277 265 227 139 Average Temperature 81 | . 44 42 . . 15 66 30 113 106 42 . 111 36 96 167 115 89 106 127 70 Received Heat Transfer 3728 | . 297 363 . . 216 927 313 95 49 582 . 9 311 17 18 49 212 231 9 30 Effects 2 | . . . . . . . . . . . . . . . 2 . . . . . Energy Bleed 2 | . . . . . . . . . . . . . . . 2 . . . . . Siege Activations . | . . . . . . . . . . . . . . . . . . . . . Robots Corrupted 5 | . 1 . . . . . . . . . . . . . . . 4 . . . Combat Hostiles 4 | . 1 . . . . . . . . . . . . . . . 3 . . . Parts Fried 34 | . 4 2 . . 1 16 5 . . . . . . . . . 6 . . . Impact Corruptions 45 | . . 3 . . 4 20 12 . . . . . . . . . 6 . . . Robots Melted . | . . . . . . . . . . . . . . . . . . . . . Combat Hostiles . | . . . . . . . . . . . . . . . . . . . . . Parts Melted 1 | . . . . . . . . . . . . . . . . . . 1 . . Heat Transferred 250 | . 200 . . . . . . . . . . . . . . . 50 . . . Parts Sabotaged . | . . . . . . . . . . . . . . . . . . . . . Parts Stolen . | . . . . . . . . . . . . . . . . . . . . . Parts Stripped . | . . . . . . . . . . . . . . . . . . . . . Power Chain Reactions 3 | . 2 . . . . . . . . . . . . . . . 1 . . . Missiles Intercepted . | . . . . . . . . . . . . . . . . . . . . . Alert | -11 -10 -9 -9 -9 -8 -8 -8 -7 -7 -7 -7 -6 -6 -6 -6 -6 -6 -5 -5 -5 ------- Run | Jun Mat Mat Min Exi Min Mat Sto Fac Low Low Dat Pro Fac Ext Cet Arc Hub Fac Upp Upp Peak Influence 769 | . 133 188 81 . 262 305 700 376 . . . . 168 624 746 285 769 488 . . Initial 376 | . . 26 63 . . 36 120 280 . . . . 23 56 348 218 29 376 . . Average 193 | . 38 92 33 . 115 170 458 216 . . . . 64 231 540 223 208 363 . . Maximum Alert Level 3 | . . . . . 1 1 3 1 . . . . . 2 3 1 3 2 . . Low Security (%) 64 | . 100 100 100 . 81 64 16 48 . . . . 100 63 . 28 51 . . . Level 1 20 | . . . . . 18 35 18 51 . . . . . 1 8 71 43 47 . . Level 2 14 | . . . . . . . 64 . . . . . . 35 82 . 3 52 . . Level 3 . | . . . . . . . . . . . . . . . 9 . 1 . . . Level 4 . | . . . . . . . . . . . . . . . . . . . . . Level 5 . | . . . . . . . . . . . . . . . . . . . . . High Security . | . . . . . . . . . . . . . . . . . . . . . Max Security . | . . . . . . . . . . . . . . . . . . . . . Squads Dispatched 59 | . 4 2 . . . 8 10 8 . 1 . . 6 1 . . 11 8 . . Investigation 27 | . 3 1 . . . 4 5 4 . . . . 1 . . . 7 2 . . Extermination 9 | . . . . . . . . 3 . . . . 3 . . . 1 2 . . Reinforcement 15 | . 1 1 . . . 2 3 1 . . . . 2 1 . . 2 2 . . Assault 6 | . . . . . . . 2 . . 1 . . . . . . 1 2 . . Garrison 2 | . . . . . . 2 . . . . . . . . . . . . . . Intercept . | . . . . . . . . . . . . . . . . . . . . . Searches Triggered . | . . . . . . . . . . . . . . . . . . . . . Data Miner Redirects 5 | . . . . . . . . . . . . . 1 . . . 3 1 . . Construction Impeded 2 | . . . . . . . . . . . . . . . . . 1 1 . . Haulers Reinforced . | . . . . . . . . . . . . . . . . . . . . . Active Scanning Responses . | . . . . . . . . . . . . . . . . . . . . . Cargo Convoy Interrupts 1 | . . . . . . . . . . . . . 1 . . . . . . . Stealth | -11 -10 -9 -9 -9 -8 -8 -8 -7 -7 -7 -7 -6 -6 -6 -6 -6 -6 -5 -5 -5 --------- Run | Jun Mat Mat Min Exi Min Mat Sto Fac Low Low Dat Pro Fac Ext Cet Arc Hub Fac Upp Upp Distress Signals 20 | . . 1 . . . 3 3 2 . . . . 2 4 2 . 2 1 . . Communications Jammed 2 | . . . . . . . . . . . . . . . . . 2 . . . Distress Signals . | . . . . . . . . . . . . . . . . . . . . . Times Spotted 379 | . 17 20 3 . 17 49 39 22 8 20 . 4 50 26 13 7 30 36 12 6 Peak Tracking Total 16 | . 4 4 2 . 4 6 5 4 4 10 . 2 8 5 5 2 4 16 7 3 Tactical Retreats 51 | . . . . . 3 3 3 10 2 5 . . 13 3 . . 3 3 2 1 Traps | -11 -10 -9 -9 -9 -8 -8 -8 -7 -7 -7 -7 -6 -6 -6 -6 -6 -6 -5 -5 -5 ------- Run | Jun Mat Mat Min Exi Min Mat Sto Fac Low Low Dat Pro Fac Ext Cet Arc Hub Fac Upp Upp Traps Triggered 11 | . 1 . 1 . . . 1 2 . . . . 3 1 . . 1 1 . . Indirectly . | . . . . . . . . . . . . . . . . . . . . . Trap Hack Attempts . | . . . . . . . . . . . . . . . . . . . . . Triggered . | . . . . . . . . . . . . . . . . . . . . . Disarmed . | . . . . . . . . . . . . . . . . . . . . . Reprogrammed 6 | . 6 . . . . . . . . . . . . . . . . . . . Reused 1 | . 1 . . . . . . . . . . . . . . . . . . . Traps Extracted . | . . . . . . . . . . . . . . . . . . . . . Installed 1 | . . . 1 . . . . . . . . . . . . . . . . . Triggered 3 | . 1 . . . . 1 . . . . . 1 . . . . . . . . Machines | -11 -10 -9 -9 -9 -8 -8 -8 -7 -7 -7 -7 -6 -6 -6 -6 -6 -6 -5 -5 -5 ---------- Run | Jun Mat Mat Min Exi Min Mat Sto Fac Low Low Dat Pro Fac Ext Cet Arc Hub Fac Upp Upp Machines Disabled 25 | . 1 . . . . . 5 . . . . 1 . . 4 1 13 . . . Max in Single Turn 12 | . 1 . . . . . 1 . . . . 1 . . 1 . 12 . . . Garrison Access 3 | . . . . . . . 1 . . . . . 1 . . . 1 . . . Network Hub 1 | . . . . . . . . . . . . . . . . . 1 . . . Machines Repaired . | . . . . . . . . . . . . . . . . . . . . . Machines Sabotaged . | . . . . . . . . . . . . . . . . . . . . . Overloaded Fab Kills . | . . . . . . . . . . . . . . . . . . . . . Hacking | -11 -10 -9 -9 -9 -8 -8 -8 -7 -7 -7 -7 -6 -6 -6 -6 -6 -6 -5 -5 -5 --------- Run | Jun Mat Mat Min Exi Min Mat Sto Fac Low Low Dat Pro Fac Ext Cet Arc Hub Fac Upp Upp Machines Accessed 95 | . 9 9 . . . 15 14 9 . . 4 1 8 8 3 . 11 4 . . Terminals 63 | . 7 6 . . . 12 9 3 . . . . 3 8 3 . 10 2 . . Fabricators 3 | . . . . . . . . . . . . . 2 . . . . 1 . . Repair Stations 8 | . . 1 . . . 2 2 2 . . . . . . . . . 1 . . Recycling Units 8 | . 2 1 . . . . 2 2 . . . . 1 . . . . . . . Scanalyzers 4 | . . 1 . . . 1 . 1 . . . . 1 . . . . . . . Garrison Access 4 | . . . . . . . 1 1 . . . . 1 . . . 1 . . . Total Hacks 294 | . 27 35 . . . 50 34 21 . . 27 1 17 28 9 . 30 15 . . Successful 168 | . 17 20 . . . 24 23 11 . . 27 1 12 11 4 . 12 6 . . Failed 122 | . 9 14 . . . 25 11 10 . . . . 5 16 5 . 18 9 . . Catastrophic 18 | . 1 1 . . . 2 . 2 . . . . 2 2 3 . 4 1 . . Database Lockouts 4 | . 1 1 . . . 1 . . . . . . . 1 . . . . . . Manual 113 | . 17 16 . . . 31 15 7 . . . . 3 14 1 . 8 1 . . Terminals 200 | . 25 27 . . . 42 22 6 . . . . 7 28 9 . 26 8 . . Fabricators 4 | . . . . . . . . . . . . . 3 . . . . 1 . . Repair Stations 31 | . . 5 . . . 6 8 6 . . . . . . . . . 6 . . Recycling Units 8 | . 2 1 . . . . 2 2 . . . . 1 . . . . . . . Scanalyzers 15 | . . 2 . . . 2 . 6 . . . . 5 . . . . . . . Garrison Access 8 | . . . . . . . 2 1 . . . . 1 . . . 4 . . . Terminal Hacks 89 | . 8 7 . . . 12 7 1 . . 27 1 2 9 4 . 9 2 . . Record 17 | . . . . . . . . . . . 11 1 . 1 4 . . . . . Part Schematic 11 | . . . . . . . . . . . 10 . . 1 . . . . . . Robot Schematic 6 | . . . . . . . . . . . 6 . . . . . . . . . Robot Analysis 7 | . 2 1 . . . 2 1 . . . . . . 1 . . . . . . Prototype ID Bank 2 | . 1 1 . . . . . . . . . . . . . . . . . . Open Door 2 | . . . . . . . 2 . . . . . . . . . . . . . Level Access Points 1 | . . . . . . . . . . . . . . . . . 1 . . . Branch Access Points 6 | . . 1 . . . 1 . 1 . . . . 1 1 . . . 1 . . Emergency Access Points 1 | . . . . . . 1 . . . . . . . . . . . . . . Machine Index 1 | . . . . . . . . . . . . . . . . . . 1 . . Terminal Index 1 | . . . . . . . . . . . . . . . . . 1 . . . Repair Station Index 1 | . . . . . . . . . . . . . . . . . 1 . . . Alert Level 4 | . . . . . . 1 . . . . . . . 2 . . 1 . . . Unreport Threat 6 | . 1 . . . . 2 . . . . . . . 2 . . 1 . . . Locate Traps 1 | . . . . . . 1 . . . . . . . . . . . . . . Reprogram Traps 1 | . 1 . . . . . . . . . . . . . . . . . . . Maintenance Status 4 | . 1 1 . . . . 2 . . . . . . . . . . . . . Security Status 1 | . . . . . . . . . . . . . . . . . 1 . . . Patrol Status 1 | . . . . . . 1 . . . . . . . . . . . . . . Recall Investigation 3 | . 1 . . . . . . . . . . . . . . . 2 . . . Recall Assault 1 | . . . . . . . . . . . . . . . . . 1 . . . Hauler Manifests 3 | . . 1 . . . 1 1 . . . . . . . . . . . . . Registered Components 2 | . . . . . . 1 1 . . . . . . . . . . . . . Zone Layout 6 | . 1 2 . . . 1 . . . . . . 1 1 . . . . . . Fabricator Hacks 4 | . . . . . . . . . . . . . 3 . . . . 1 . . Network Status 2 | . . . . . . . . . . . . . 1 . . . . 1 . . Load Schematic 1 | . . . . . . . . . . . . . 1 . . . . . . . Build 1 | . . . . . . . . . . . . . 1 . . . . . . . Repair Station Hacks 18 | . . 4 . . . 2 8 2 . . . . . . . . . 2 . . Scan Component 10 | . . 2 . . . 2 4 1 . . . . . . . . . 1 . . Repair 8 | . . 2 . . . . 4 1 . . . . . . . . . 1 . . Recycling Unit Hacks . | . . . . . . . . . . . . . . . . . . . . . Scanalyzer 15 | . . 2 . . . 2 . 6 . . . . 5 . . . . . . . Insert Component 8 | . . 1 . . . 1 . 3 . . . . 3 . . . . . . . Analyze 7 | . . 1 . . . 1 . 3 . . . . 2 . . . . . . . Garrison Access Hacks 2 | . . . . . . . 1 . . . . . 1 . . . . . . . Seal Access 2 | . . . . . . . 1 . . . . . 1 . . . . . . . Unauthorized Hacks 40 | . 9 7 . . . 8 7 2 . . . . 1 2 . . 3 1 . . Terminals 31 | . 7 6 . . . 7 5 . . . . . 1 2 . . 3 . . . Track 2 | . 1 1 . . . . . . . . . . . . . . . . . . Assimilate 2 | . 1 . . . . . . . . . . . 1 . . . . . . . Botnet 21 | . 5 3 . . . 5 5 . . . . . . 2 . . 1 . . . Operators 4 | . . 2 . . . 2 . . . . . . . . . . . . . . Sabotage 2 | . . . . . . . . . . . . . . . . . 2 . . . Fabricators . | . . . . . . . . . . . . . . . . . . . . . Repair Stations 2 | . . . . . . 1 . . . . . . . . . . . 1 . . Mechanics 2 | . . . . . . 1 . . . . . . . . . . . 1 . . Recycling Units 7 | . 2 1 . . . . 2 2 . . . . . . . . . . . . Recyclers 1 | . . . . . . . . 1 . . . . . . . . . . . . Tunnel 6 | . 2 1 . . . . 2 1 . . . . . . . . . . . . Scanalyzers . | . . . . . . . . . . . . . . . . . . . . . Garrison Access . | . . . . . . . . . . . . . . . . . . . . . Data Cores Recovered 2 | . . 1 . . . . . . . . . . . . . . 1 . . . Used . | . . . . . . . . . . . . . . . . . . . . . Hacking Detections 76 | . 7 8 . . . 15 10 8 . . . . 6 7 2 . 10 3 . . Full Trace Events 18 | . 1 . . . . 4 3 3 . . . . 1 . . . 5 1 . . Feedback Events 1 | . . . . . . . . . . . . . . . . . 1 . . . Corruption 1 | . . . . . . . . . . . . . . . . . 1 . . . Feedback Blocked . | . . . . . . . . . . . . . . . . . . . . . Robot Schematics Acquired 6 | . . . . . . . . . . . 6 . . . . . . . . . Robots Built . | . . . . . . . . . . . . . . . . . . . . . Authchips . | . . . . . . . . . . . . . . . . . . . . . Time . | . . . . . . . . . . . . . . . . . . . . . Total Robot Build Rating . | . . . . . . . . . . . . . . . . . . . . . Part Schematics Acquired 18 | . . 1 . . . 1 . 3 . . 10 . 2 1 . . . . . . Parts Built 1 | . . . . . . . . . . . . . 1 . . . . . . . Authchips . | . . . . . . . . . . . . . . . . . . . . . Time 152 | . . . . . . . . . . . . . 152 . . . . . . . Total Part Build Rating 5 | . . . . . . . . . . . . . 5 . . . . . . . Parts Repaired 8 | . . 2 . . . . 4 1 . . . . . . . . . 1 . . Time 259 | . . 52 . . . . 134 19 . . . . . . . . . 54 . . Parts Recycled . | . . . . . . . . . . . . . . . . . . . . . Recycled Matter . | . . . . . . . . . . . . . . . . . . . . . Retrieved Matter . | . . . . . . . . . . . . . . . . . . . . . Retrieved Components . | . . . . . . . . . . . . . . . . . . . . . Parts Scanalyzed 7 | . . 1 . . . 1 . 3 . . . . 2 . . . . . . . Part Schematics Acquired 7 | . . 1 . . . 1 . 3 . . . . 2 . . . . . . . Parts Damaged . | . . . . . . . . . . . . . . . . . . . . . Bothacking | -11 -10 -9 -9 -9 -8 -8 -8 -7 -7 -7 -7 -6 -6 -6 -6 -6 -6 -5 -5 -5 ------------ Run | Jun Mat Mat Min Exi Min Mat Sto Fac Low Low Dat Pro Fac Ext Cet Arc Hub Fac Upp Upp Used RIF Installer . | . . . . . . . . . . . . . . . . . . . . . Robots Hacked 9 | . . 1 . 4 . 1 . 2 . . . . . . . . . 1 . . Non-combat 8 | . . 1 . 3 . 1 . 2 . . . . . . . . . 1 . . Combat 1 | . . . . 1 . . . . . . . . . . . . . . . . Robot Hacks Applied 10 | . . 1 . 4 . 1 . 3 . . . . . . . . . 1 . . parse_system 4 | . . . . 4 . . . . . . . . . . . . . . . . find_chute 1 | . . . . . . . . 1 . . . . . . . . . . . . find_station 5 | . . 1 . . . 1 . 2 . . . . . . . . . 1 . . Relay Couplers Released 1 | . . . . . . . . . . . . . . . . . 1 . . . Machine Destruction 1 | . . . . . . . . . . . . . . . . . 1 . . . Fabnet Peak Effective % . | . . . . . . . . . . . . . . . . . . . . . Robots Rewired 22 | . . . . . . . . . . 2 . . . 20 . . . . . . Allies Hacked . | . . . . . . . . . . . . . . . . . . . . . Hacks Repelled . | . . . . . . . . . . . . . . . . . . . . . Allies | -11 -10 -9 -9 -9 -8 -8 -8 -7 -7 -7 -7 -6 -6 -6 -6 -6 -6 -5 -5 -5 -------- Run | Jun Mat Mat Min Exi Min Mat Sto Fac Low Low Dat Pro Fac Ext Cet Arc Hub Fac Upp Upp Total Allies 47 | . 1 . 3 . . . 10 . . 2 . 1 . 30 . . . . . . Largest Group 17 | . 1 . 3 3 3 . 10 . . 1 . 1 1 17 17 7 . . . . Highest-Rated Group 607 | . 10 . 40 40 40 . 173 . . 30 . 96 96 607 607 294 . . . . Highest-Rated Ally 159 | . 10 . 16 16 16 . 29 . . 30 . 96 96 159 159 153 . . . . Total Orders 4 | . . . . . . . 2 . . . . . . . 2 . . . . . STAY 1 | . . . . . . . . . . . . . . . 1 . . . . . FOLLOW 1 | . . . . . . . . . . . . . . . 1 . . . . . EXPLORE 2 | . . . . . . . 2 . . . . . . . . . . . . . Ally Attacks 410 | . . . 20 . 9 . 113 . . 1 . 19 . 117 110 21 . . . . Total Damage 7982 | . . . 154 . 109 . 1387 . . 16 . 456 . 3306 2177 377 . . . . Kills 72 | . . . 3 . 1 . 13 . . . . 5 . 31 17 2 . . . . Allies Corrupted . | . . . . . . . . . . . . . . . . . . . . . Allies Melted . | . . . . . . . . . . . . . . . . . . . . . Intel | -11 -10 -9 -9 -9 -8 -8 -8 -7 -7 -7 -7 -6 -6 -6 -6 -6 -6 -5 -5 -5 ------- Run | Jun Mat Mat Min Exi Min Mat Sto Fac Low Low Dat Pro Fac Ext Cet Arc Hub Fac Upp Upp Robot Analysis Total 7 | . 2 1 . . . 2 1 . . . . . . 1 . . . . . . Derelict Logs Recovered 7 | . . . 2 . . . . . 1 1 . . . . . . . . 1 2 Drone Launches 17 | . . . . . . . 17 . . . . . . . . . . . . . Drone Recoveries 3 | . . . . . . . 3 . . . . . . . . . . . . . Exploration | -11 -10 -9 -9 -9 -8 -8 -8 -7 -7 -7 -7 -6 -6 -6 -6 -6 -6 -5 -5 -5 ------------- Run | Jun Mat Mat Min Exi Min Mat Sto Fac Low Low Dat Pro Fac Ext Cet Arc Hub Fac Upp Upp Turns Passed 20868 | . 1374 2354 863 403 923 2594 2089 1930 759 685 98 654 1703 1112 471 495 1193 662 219 287 Spaces Moved 11227 | 1 677 848 466 220 465 891 760 1266 606 679 78 345 851 623 333 312 631 447 343 385 Core 1204 | . . . . . . . . . . 393 . . . . . . . 89 337 385 Treads 6 | . . . . . . . . . . . . . . . . . . . 6 . Legs 10017 | 1 677 848 466 220 465 891 760 1266 606 286 78 345 851 623 333 312 631 358 . . Wheels . | . . . . . . . . . . . . . . . . . . . . . Hover . | . . . . . . . . . . . . . . . . . . . . . Flight . | . . . . . . . . . . . . . . . . . . . . . Fastest Speed 50 | 120 120 180 180 180 180 182 183 108 120 50 126 126 120 120 120 120 120 50 50 50 Average Speed 139 | 120 139 186 180 180 180 184 184 118 120 81 126 180 146 132 120 121 120 109 54 51 Slowest Speed 450 | 120 260 450 180 180 180 187 185 190 120 130 126 195 195 190 120 190 122 260 160 150 Overloaded Moves . | . . . . . . . . . . . . . . . . . . . . . Propulsion Burnouts . | . . . . . . . . . . . . . . . . . . . . . Robots Hopped . | . . . . . . . . . . . . . . . . . . . . . Cave-ins Triggered 1 | . . . . . . . . . . . . . . 1 . . . . . . Exploration Rate (%) 63 | 2 97 72 89 63 95 81 98 33 83 68 68 55 27 61 80 96 56 14 50 48 Regions Visited 20 Branch Regions 14 Pre-discovered Areas 8 | . 2 1 . . . . 2 1 . 1 1 . . . . . . . . . Known Exits Taken 7 | . . 1 . . . 1 . 1 . . . . 1 1 . . 1 1 . . Unknown Exits Taken 13 | 1 1 . 1 1 1 . 1 . 1 1 1 1 . . 1 1 . . 1 . Scrap Searched 13 | . . . 2 . 1 . . . 6 2 . . . . . . . . 1 1 Spaces Dug 227 | . 10 33 . . 32 19 10 12 37 . . . 33 11 . 2 21 6 . 1 Terrain Destroyed 598 | . 20 45 . . 63 21 12 12 60 101 . . 33 11 . 2 188 29 . 1 Melee 135 | . 1 24 . . 2 16 8 12 1 . . . 33 11 . 2 18 6 . 1 Projectile 49 | . 10 21 . . . 5 4 . . . . . . . . . 9 . . . AOE 414 | . 9 . . . 61 . . . 59 101 . . . . . . 161 23 . . Terrain Rammed . | . . . . . . . . . . . . . . . . . . . . . Walls Destroyed . | . . . . . . . . . . . . . . . . . . . . . Machines Disabled . | . . . . . . . . . . . . . . . . . . . . . Actions | -11 -10 -9 -9 -9 -8 -8 -8 -7 -7 -7 -7 -6 -6 -6 -6 -6 -6 -5 -5 -5 --------- Run | Jun Mat Mat Min Exi Min Mat Sto Fac Low Low Dat Pro Fac Ext Cet Arc Hub Fac Upp Upp Total 15070 | . 1016 1378 489 225 509 1557 1253 1620 629 796 77 375 1132 879 402 398 942 580 366 447 Wait 2231 | . 259 354 12 1 4 422 331 206 14 58 . 28 130 68 18 45 181 60 10 30 Move 11208 | . 676 847 465 219 464 890 759 1265 605 678 77 344 850 622 332 311 630 447 342 385 Hop . | . . . . . . . . . . . . . . . . . . . . . Pick Up 141 | . 13 22 2 . 2 22 10 16 . 5 . 1 13 13 12 1 5 3 1 . Fast Attach 56 | . 3 5 . . . 4 4 6 . 6 . . 10 6 1 3 1 2 4 1 Attach 91 | . 2 8 . . 3 17 7 8 . 11 . . 7 4 1 1 2 11 3 6 Detach 27 | . . 3 . . . 3 1 2 . 1 . . 3 1 . 2 . 3 2 6 Swap 260 | . 9 27 . 1 14 50 14 52 4 3 . . 14 15 9 4 33 11 . . Drop 124 | . 10 9 2 . 1 12 13 20 . 2 . . 2 14 16 3 7 13 . . Fire 116 | . 42 22 . . 8 5 4 . 5 7 . . . . 2 . 16 5 . . Melee 662 | . 2 81 2 4 13 132 100 45 1 4 . 2 102 22 11 28 66 24 4 19 Ram 1 | . . . . . . . . . . . . . . . . . . 1 . . Kick 4 | . . . . . . . . . . . . . 1 2 . . 1 . . . Crush . | . . . . . . . . . . . . . . . . . . . . . Escape Stasis 10 | . . . 5 . . . . . . . . . . 5 . . . . . . Rewire 131 | . . . . . . . 3 . . 21 . . . 107 . . . . . . Trap 1 | . . . 1 . . . . . . . . . . . . . . . . . Miscellaneous 7 | . . . . . . . 7 . . . . . . . . . . . . . Route ------- -11/Junkyard -10/Materials (discovered 4 exits: *Mat x3 / [*Min]) -9/Materials (discovered 4 exits: *Mat x2 / *Min x2) -9/Mines (discovered 2 exits: *Mat / [*Exi]) -9/Exiles -8/Mines (discovered 2 exits: *Mat x2) -8/Materials (discovered 4 exits: *Fac x2 / *Sto x2) -8/Storage (discovered 2 exits: *Fac / [*Rec]) -7/Factory (discovered 3 exits: *Fac / *Low x2) -7/Lower Caves (discovered 2 exits: [*Low] / *Dat) -7/Lower Caves -7/Data Miner -6/Proximity Caves -6/Factory (discovered 6 exits: *Fac x2 / *Low x2 / *Ext x2) -6/Extension (discovered 2 exits: *Fac / *Cet) -6/Cetus (discovered 2 exits: *Fac / [*Arc]) -6/Archives (discovered 3 exits: *Fac / *Hub x2) -6/Hub_04(d) (discovered 4 exits: *Fac x4) -5/Factory (discovered 2 exits: *Upp x2) -5/Upper Caves -5/Upper Caves (discovered 2 exits: Fac / [*Zhi]) History --------- Turn | Location | Event 1 | -11/Junkyard | Discovered new exit (range 0) 1 | -11/Junkyard | Entered Materials 76 | -10/Materials | Discovered new exit (range 9) 247 | -10/Materials | Discovered new exit (range 15) 308 | -10/Materials | Build established: Mutant 469 | -10/Materials | Lost 3 parts (1n2w) 615 | -10/Materials | Core integrity fell below 50% 726 | -10/Materials | Discovered new exit (range 8) 885 | -10/Materials | Discovered new exit (range 8) 887 | -10/Materials | Central database locked down 1375 | -10/Materials | Entered another Materials area 1375 | -9/Materials | Evolved 2 slots: Propulsion x1, Utility x1 2381 | -9/Materials | Repaired Aluminum Leg 2408 | -9/Materials | Repaired Aluminum Leg 2496 | -9/Materials | Discovered new exit (range 7) 2910 | -9/Materials | Discovered new exit (range 16) 3326 | -9/Materials | Identified exit to Mines 3326 | -9/Materials | Central database locked down 3729 | -9/Materials | Entered Mines 3743 | -9/Mines | Met a Derelict bent on vengeance 3823 | -9/Mines | Discovered new exit (range 5) 3830 | -9/Mines | Assisted by bots powering up and referring to "LRC-V3" 4164 | -9/Mines | Learned Materials terminal intel 4358 | -9/Mines | Found a hidden stash of uninstalled traps 4583 | -9/Mines | Deemed a non-threat by the Exiles lab entrance 4585 | -9/Mines | Discovered new exit (range 5) 4592 | -9/Mines | Entered Exiles 4592 | -9/Exiles | Accompanied by 3 allies 4634 | -9/Exiles | Met 8R-AWN 4685 | -9/Exiles | Met EX-HEX 4737 | -9/Exiles | Met EX-BIN 4804 | -9/Exiles | Met EX-DEC 4971 | -9/Exiles | Discovered new exit (range 14) 4995 | -9/Exiles | Entered Mines 4995 | -8/Mines | Accompanied by 3 allies 5410 | -8/Mines | Discovered new exit (range 6) 5415 | -8/Mines | Discovered new exit (range 12) 5918 | -8/Mines | Entered Materials 5918 | -8/Materials | Evolved 2 slots: Propulsion x1, Utility x1 5919 | -8/Materials | Loaded intel: 12 terminal locations 6531 | -8/Materials | Discovered new exit (range 3) 6657 | -8/Materials | Identified exit to Storage 6694 | -8/Materials | Central database locked down 6835 | -8/Materials | Lost 3 parts (2n1u) 7138 | -8/Materials | Build established: Scavenger-Mutant 7480 | -8/Materials | Build established: Mutant 7821 | -8/Materials | Core integrity fell below 50% 8207 | -8/Materials | Discovered new exit (range 13) 8386 | -8/Materials | Garrison activated, responded to threat 8512 | -8/Materials | Entered Storage 8676 | -8/Storage | Repaired Imp. Light Armor Plating 8709 | -8/Storage | Repaired Hrd. Light Armor Plating 8815 | -8/Storage | Assisted by bots powering up and referring to "LRC-V3" 8896 | -8/Storage | Used back door to open Recycling access 8896 | -8/Storage | Discovered new exit (range 5) 9571 | -8/Storage | Discovered new exit (range 16) 9799 | -8/Storage | Repaired Hrd. Medium Armor Plating 9826 | -8/Storage | Repaired Aluminum Leg 10512 | -8/Storage | First assault squad dispatched 10601 | -8/Storage | Entered Factory 10601 | -7/Factory | Evolved 2 slots: Propulsion x1, Utility x1 10602 | -7/Factory | Identified exit to Lower Caves 11601 | -7/Factory | Discovered new exit (range 16) 12161 | -7/Factory | Repaired Hrd. Medium Armor Plating 12531 | -7/Factory | Entered Lower Caves 12683 | -7/Lower Caves | Learned Factory stockpile data 12822 | -7/Lower Caves | A Derelict revealed a hidden shortcut to meet someone special 13019 | -7/Lower Caves | Encountered a Warlord checkpoint 13199 | -7/Lower Caves | Discovered new exit (range 12) 13290 | -7/Lower Caves | Entered another Lower Caves area 13402 | -7/Lower Caves | Attracted the attention of an 0b10 outpost 13435 | -7/Lower Caves | Spotted B-75 Beast 13514 | -7/Lower Caves | Core integrity fell below 50% 13572 | -7/Lower Caves | Lost 13 parts (2p6n3u2w) 13593 | -7/Lower Caves | Encountered a Warlord checkpoint 13778 | -7/Lower Caves | Core integrity fell below 20% 13882 | -7/Lower Caves | Build established: Hacker-Mutant 13910 | -7/Lower Caves | Discovered new exit (range 9) 13975 | -7/Lower Caves | Entered Data Miner 13975 | -7/Data Miner | Discovered new exit (range 6) 13999 | -7/Data Miner | Met Data Miner 14022 | -7/Data Miner | Learned location of Section 7 (-2) 14022 | -7/Data Miner | Acquired the access code to Warlord's prototype stash 14044 | -7/Data Miner | Received God Mode back door access code from Data Miner 14073 | -7/Data Miner | Entered Proximity Caves 14155 | -6/Proximity Caves | Escorted by Enhanced Grunt 14505 | -6/Proximity Caves | Discovered new exit (range 11) 14636 | -6/Proximity Caves | Found Alien Artifact 14727 | -6/Proximity Caves | Entered Factory 14727 | -6/Factory | Accompanied by 1 ally 14727 | -6/Factory | Evolved 2 slots: Utility x2 14727 | -6/Factory | Discovered new exit (range 10) 15067 | -6/Factory | Discovered new exit (range 15) 15088 | -6/Factory | Identified exit to Lower Caves 15088 | -6/Factory | Identified exit to Extension 15141 | -6/Factory | Build established: Scavenger-Mutant 15405 | -6/Factory | Incoming investigation squad redirected 15534 | -6/Factory | Fabricated Lgt. Regenerative Plating (x1) 15860 | -6/Factory | Discovered new exit (range 9) 16097 | -6/Factory | Identified Dimensional Node Initializer 16114 | -6/Factory | Cargo convoy interrupted 16314 | -6/Factory | Lost 5 parts (2p2n1u) 16430 | -6/Factory | Entered Extension 16502 | -6/Extension | Rescued a captive Derelict 16502 | -6/Extension | Rescued a captive Derelict 16620 | -6/Extension | Rescued a captive Derelict 16621 | -6/Extension | Rescued a captive Derelict 16757 | -6/Extension | Rescued a captive Derelict 16977 | -6/Extension | Rescued A7 16979 | -6/Extension | Crushed by falling debris 16979 | -6/Extension | System corruption reached 10% 17017 | -6/Extension | Central database locked down 17038 | -6/Extension | Rescued a captive Derelict 17044 | -6/Extension | Rescued a captive Derelict 17191 | -6/Extension | Identified exit to Cetus 17210 | -6/Extension | Rescued a captive Derelict 17210 | -6/Extension | Rescued a captive Derelict 17482 | -6/Extension | Discovered new exit (range 10) 17542 | -6/Extension | Entered Cetus 17542 | -6/Cetus | Accompanied by 17 allies (A7) 17547 | -6/Cetus | Acquired a Cetus Manufacturing Module code from A7 17561 | -6/Cetus | Spotted Cetus Guard 17561 | -6/Cetus | Spotted Cetus Guard 17562 | -6/Cetus | Spotted Cetus Guard 17563 | -6/Cetus | Spotted Cetus Guard 17572 | -6/Cetus | Allies destroyed Cetus Guard 17576 | -6/Cetus | Allies destroyed Cetus Guard 17583 | -6/Cetus | Allies destroyed Cetus Guard 17584 | -6/Cetus | Allies destroyed Cetus Guard 17638 | -6/Cetus | Cetus Manufacturing Module disabled 17660 | -6/Cetus | Failed to start Cetus Manufacturing Module 17666 | -6/Cetus | Build established: Commander-Mutant 17676 | -6/Cetus | Found a strange terminal 17700 | -6/Cetus | Escorted A7 to Cetus Mainframe 17856 | -6/Cetus | Discovered new exit (range 15) 17878 | -6/Cetus | Spotted Cetus Guard 17879 | -6/Cetus | Spotted Cetus Guard 17883 | -6/Cetus | Spotted Cetus Guard 17884 | -6/Cetus | Spotted Cetus Guard 17892 | -6/Cetus | Discovered new exit (range 16) 17893 | -6/Cetus | Allies destroyed Cetus Guard 17896 | -6/Cetus | Allies destroyed Cetus Guard 17899 | -6/Cetus | Allies destroyed Cetus Guard 17900 | -6/Cetus | Allies destroyed Cetus Guard 17902 | -6/Cetus | Met Revision 17 17948 | -6/Cetus | Initialized slip node 18013 | -6/Cetus | Entered Archives 18013 | -6/Archives | Accompanied by 7 allies (A7) 18018 | -6/Archives | Received a hacking code to weaken MAIN.C 18138 | -6/Archives | Discovered new exit (range 15) 18176 | -6/Archives | Discovered new exit (range 16) 18184 | -6/Archives | Build established: Scavenger-Mutant 18386 | -6/Archives | Discovered new exit (range 13) 18508 | -6/Archives | Entered Hub_04(d) 18514 | -6/Hub_04(d) | Discovered new exit (range 10) 18739 | -6/Hub_04(d) | Incoming investigation squad redirected 18854 | -6/Hub_04(d) | Identified exit to Factory 18880 | -6/Hub_04(d) | Incoming investigation squad redirected 19070 | -6/Hub_04(d) | Core integrity fell below 50% 19413 | -6/Hub_04(d) | Incoming investigation squad redirected 19535 | -6/Hub_04(d) | Spotted B-75 Beast 19683 | -6/Hub_04(d) | Network Hub disabled 19701 | -6/Hub_04(d) | Entered Factory 19701 | -5/Factory | Evolved 2 slots: Power x1, Utility x1 19834 | -5/Factory | Repaired Centrium Medium Armor Plating 19907 | -5/Factory | Identified exit to Upper Caves 20001 | -5/Factory | First assault squad dispatched 20027 | -5/Factory | Incoming assault squad redirected 20087 | -5/Factory | Lost 5 parts (1p2n1u1w) 20305 | -5/Factory | Destroyed 9 combat bots 20318 | -5/Factory | Core integrity fell below 50% 20333 | -5/Factory | Lost 11 parts (2p5n2u2w) 20352 | -5/Factory | Core integrity fell below 20% 20363 | -5/Factory | Entered Upper Caves 20416 | -5/Upper Caves | Attracted the attention of an 0b10 outpost 20441 | -5/Upper Caves | Learned Factory terminal intel 20446 | -5/Upper Caves | Encountered a Warlord checkpoint 20566 | -5/Upper Caves | Discovered new exit (range 9) 20582 | -5/Upper Caves | Entered another Upper Caves area 20639 | -5/Upper Caves | Attracted the attention of an 0b10 checkpoint 20762 | -5/Upper Caves | Identified exit to Factory 20773 | -5/Upper Caves | Learned Factory emergency access door positions 20863 | -5/Upper Caves | Discovered new exit (range 14) 20869 | -5/Upper Caves | Destroyed by G-67 Veteran with Plasma Rifle Last Messages --------------- 20719_ P-70 Sage Tesla Rifle severed. 20728_ X>Y6MFRI4XP<%TF>E WB7K#IV&TS 20729_ Destroyed Antigrav System. 20731_ The unstable cave ceiling collapses. 20731_ Destroyed Imp. Heat Sink. 20732_ Adv. Weight Redist. System destroyed. 20734_ P-70 Sage destroyed. 20741_ Acquired 50 matter. 20748_ TUUVJQX6ORU4,P&MJD#